 Dungeon Crawl Stone Soup version 0.29.0-13-gc9e81de378 (webtiles) character file.

Game seed: 14476864546743441293

2 funnyparkerb the Poker (level 1, -2/16 HPs)
             Began as a Merfolk Gladiator on Sept 7, 2022.
             Slain by a kobold
             ... wielding a +0 whip
              (4 damage)
             ... on level 1 of the Dungeon.
             The game lasted 00:00:34 (158 turns).

funnyparkerb the Poker (Merfolk Gladiator)           Turns: 158, Time: 00:00:34

Health: -2/16      AC:  4    Str: 14    XL:     1   Next: 40%
Magic:  1/1        EV: 13    Int:  7    God:
Gold:   20         SH:  0    Dex: 15    Spells: 0/0 levels left

rFire   . . .      SeeInvis .   a - +0 trident
rCold   . . .      Faith    .   (no shield)
rNeg    . . .      Spirit   .   b - +0 leather armour
rPois   .          Reflect  .   c - +0 helmet
rElec   .          Harm     .   (no cloak)
rCorr   .          Rampage  .   (no gloves)
Will    .....                   (no boots)
Stlth   +.........              (no amulet)
HPRegen 0.05/turn               (no ring)
MPRegen 0.07/turn               (no ring)

@: no status effects
A: (nimble swimmer 2), mertail
a: no special abilities


You were on level 1 of the Dungeon.
You visited 1 branch of the dungeon, and saw 2 of its levels.

You collected 20 gold pieces.

Inventory:

Hand Weapons
 a - a +0 trident (weapon)
Missiles
 d - 3 throwing nets (quivered)
 e - a javelin
Armour
 b - a +0 leather armour (worn)
 c - a +0 helmet (worn)
 g - a +0 pair of gloves
Potions
 f - a potion of berserk rage {unknown}


   Skills:
 - Level 2.1 Fighting
 + Level 4.2 Polearms
 - Level 2.0 Throwing
 - Level 4.0 Dodging


You couldn't memorise any spells.
You didn't know any spells.
Your spell library was empty.

Dungeon Overview and Level Annotations

Branches:
Dungeon (2/15)

Altars:


Innate Abilities, Weirdness & Mutations

((You are very nimble when in or above water. (Stealth+, EV+, Speed+++)))
Your lower body shifts to a powerful aquatic tail in water.


Message History

There is a stone staircase leading down here.
Search for what [? for help]? glove
Found 15 gold pieces.
You now have 20 gold pieces (gained 5).
You see here a +0 sling.
Found a leather armour.
A kobold comes into view. It is wielding a +0 whip.
Found 11 gold pieces.
There are no items here.
A kobold and a goblin come into view.
Found a robe.
The kobold shouts!
You see here a +0 pair of gloves.
g - a +0 pair of gloves The goblin shouts!
A goblin comes into view. It is wielding a +0 dagger.
The goblin shouts!
The kobold attacks as you move away! The kobold misses you.
The kobold attacks as you move away! The kobold barely misses you.
You barely miss the kobold. The kobold hits you with a +0 whip.
You hit the kobold.
You kill the kobold!
The kobold hits you but does no damage.
You hit the kobold but do no damage. The kobold misses you.
You hit the goblin.
You kill the goblin!
The kobold hits you with a +0 whip. The kobold attacks as you move away!
The kobold hits you with a +0 whip.
* * * LOW HITPOINT WARNING * * *
You are too injured to fight recklessly!
You are too injured to fight recklessly!
You are too injured to fight recklessly!
The kobold attacks as you move away! The kobold barely misses you.
The kobold attacks as you move away! The kobold closely misses you.
The kobold attacks as you move away! The kobold closely misses you.
The kobold attacks as you move away! The kobold misses you.
The kobold attacks as you move away! The kobold hits you with a +0 whip.
* * * LOW HITPOINT WARNING * * *
The kobold attacks as you move away! The kobold hits you with a +0 whip.
You die...

#.........#.#.#######
##+##+##'##..........
.........###.#######
####.#..............
##...#####.#######
#........#.>......
#.##.###.#..####.#
#.#.........####..
#@#..###.##....#.#
#K# #.#####.#.# #g#
#.# #.#.# #.######.#
#.#.. #........#
#.... ##########
###.# #.# #.# #.#


You could see a goblin and a kobold.

Vanquished Creatures
  A goblin (D:1)
  A kobold (D:1)
  A rat (D:2)
3 creatures vanquished.

Notes
Turn   | Place    | Note
-------+----------+-------------------------------------------
     0 | D:1      | funnyparkerb the Merfolk Gladiator began the quest for the
                  | Orb.
     0 | D:1      | Reached XP level 1. HP: 16/16 MP: 1/1
    78 | D:2      | Found a faded altar of an unknown god.
   158 | D:1      | Slain by a kobold

Illustrated notes

Levels and vault maps discovered:
D:1:      lemuel_arrival_behind_the_door_small, layout_basic, minmay_liquid_box,
          grunt_decor_one_mirror
D:2:      layout_basic, nicolae_ecumenical_oubliette

Action                   || total
-------------------------++-------
Melee: Trident           ||     5
       Punch             ||     1
Armor: Leather armour    ||     1
Dodge: Dodged            ||     7
